 Dungeon Crawl Stone Soup version 0.18.1-8-gdd0e5ea (webtiles) character file.

602 HungrySpirit the Ruffian (level 7, -3/67 HPs)
             Began as a Troll Skald on May 21, 2016.
             Slain by Menkaure (16 damage)
             ... on level 4 of the Dungeon.
             The game lasted 00:04:45 (2620 turns).

HungrySpirit the Ruffian (Troll Skald)              Turns: 2620, Time: 00:04:46

Health: -3/67      AC:  8    Str: 23    XL:     7   Next: 18%
Magic:  7/7        EV: 10    Int:  8    God:
Gold:   184        SH:  0    Dex:  9    Spells: 1 memorised, 7 levels left

rFire  . . .     SeeInvis .       - Unarmed
rCold  . . .     Gourm    +     a - +0 robe
rNeg   . . .     Faith    .     (no shield)
rPois  .         Spirit   .     (helmet restricted)
rElec  .         Dismiss  .     (no cloak)
rCorr  .         Reflect  .     (gloves unavailable)
SustAt .         Harm     +     (boots unavailable)
MR     .....                    o - amulet of harm
Stlth  +.........               l - +3 ring of protection
                                q - ring of flight

@: not resistant to hostile enchantments, very unstealthy
A: unfitting armour, claws 3, fast metabolism 3, gourmand, regeneration 2,
shaggy fur 1, tough skin 2
a: Evoke Flight


You were on level 4 of the Dungeon.
You were completely stuffed.

You visited 1 branch of the dungeon, and saw 4 of its levels.

You collected 184 gold pieces.

Inventory:

Armour
 a - a +0 robe (worn)
Jewellery
 l - a +3 ring of protection (right claw)
 o - an amulet of harm (around neck)
 q - a ring of flight (left claw)
Scrolls
 e - 5 scrolls of identify {unknown}
 f - a scroll of fear {unknown}
 h - a scroll of magic mapping {unknown}
 i - 5 scrolls of remove curse {unknown}
 k - a scroll of enchant armour {unknown}
 m - 2 scrolls of blinking {unknown}
 n - a scroll of teleportation {unknown}
 p - a scroll of noise {unknown}
 s - 3 scrolls of recharging {unknown}
 v - a scroll of immolation {unknown}
Potions
 d - 4 potions of degeneration {unknown}
 g - 4 potions of lignification {unknown}
 t - a potion of heal wounds
 w - a potion of invisibility {unknown}
Books
 b - a book of Battle

   Spells                             Type                      Level
   a - Infusion                       Charms                       1
   b - Shroud of Golubria             Charms/Translocation         2
   c - Song of Slaying                Charms                       2
   d - Spectral Weapon                Hexes/Charms                 3
   e - Regeneration                   Charms/Necromancy            3
Comestibles
 c - 6 bread rations
 j - 4 meat rations
 r - a beef jerky
 u - 6 chunks of flesh


   Skills:
 + Level 3.3 Fighting
 + Level 3.5 Dodging
 * Level 5.7 Unarmed Combat
 - Level 1.2 Spellcasting
 - Level 2.0 Charms


You had 7 spell levels left.
You knew the following spells:

 Your Spells              Type           Power        Failure   Level  Hunger
a - Infusion              Chrm           #...         21%         1    ##.....


Dungeon Overview and Level Annotations

Branches:
Dungeon (4/15)
 Temple: D:4-7

Altars:

Shops:
D:4 (

Annotations:
D:4 Menkaure


Innate Abilities, Weirdness & Mutations

You are too large for most types of armour.
You have claws for hands.
Your metabolism is lightning-fast.
You like to eat raw meat.
You heal very quickly.
You are covered in fur (AC +1).
You have very tough skin (AC +2).


Message History

Menkaure, Prince of Dust comes into view.
Menkaure is nearby!
Menkaure is nearby!
Menkaure calls on the powers of darkness!
Your body is wracked with pain!
Ouch! That really hurt!
Menkaure calls on the powers of darkness!
Your body is wracked with pain!
* * * LOW HITPOINT WARNING * * *
Found a cyan potion.
You are too injured to fight recklessly!
You are too injured to fight recklessly!
You are too injured to fight recklessly!
You scratch Menkaure.
Menkaure is moderately damaged.
Some of the chunks of flesh in your inventory have rotted away.
You claw Menkaure!
Menkaure is severely damaged.
Menkaure hits you!
You die...

..# # ##.######
#. ... ...
#..###.# #.#
.......###.####
#.............#
#...##.....##.#
##.#.##.######.#
.......@.......#
......#M#####..#
#!#...#.# #..#
##. #.# #..# #.
#.#####..# #
#......∩.## ##
####.##...# ..
.#####.##.#.# ##
..........#.##.


You could see Menkaure.

Vanquished Creatures
  Duvessa (D:4)
  An ogre (D:4)
  Blork the orc (D:4)
  Dowan (D:4)
  A howler monkey (D:4)
  An orc priest (D:4)
  An orc wizard (D:4)
  Ijyb (D:2)
  Terence (D:2)
  A worker ant (D:4)
  3 gnolls (D:3)
  An adder (D:3)
  An ooze (D:1)
  An adder skeleton (D:4)
  A worm (D:2)
  A dart slug (D:2)
  3 giant geckos
  6 orcs
  2 ball pythons
  3 giant cockroaches
  10 goblins
  7 hobgoblins
  5 jackals
  2 quokkas (D:2)
  11 bats
  A giant gecko skeleton (D:4)
  7 giant newts
  10 kobolds
  A quokka skeleton (D:4)
  4 rats
90 creatures vanquished.

Notes
Turn   | Place    | Note
--------------------------------------------------------------
     0 | D:1      | HungrySpirit the Troll Skald began the quest for the Orb.
     0 | D:1      | Reached XP level 1. HP: 19/19 MP: 1/1
   282 | D:1      | Reached XP level 2. HP: 23/28 MP: 2/2
   518 | D:1      | Reached XP level 3. HP: 34/35 MP: 3/3
   650 | D:1      | Reached skill level 3 in Unarmed Combat
  1041 | D:2      | Noticed Terence
  1048 | D:2      | Killed Terence
  1048 | D:2      | Reached XP level 4. HP: 36/42 MP: 4/4
  1269 | D:2      | Noticed Ijyb
  1285 | D:2      | Killed Ijyb
  1635 | D:3      | Reached XP level 5. HP: 44/50 MP: 5/5
  1877 | D:3      | Reached skill level 4 in Unarmed Combat
  2224 | D:4      | Noticed Duvessa
  2225 | D:4      | Noticed Dowan
  2244 | D:4      | Killed Duvessa
  2244 | D:4      | Reached XP level 6. HP: 52/59 MP: 6/6
  2265 | D:4      | Killed Dowan
  2366 | D:4      | Reached skill level 5 in Unarmed Combat
  2403 | D:4      | Noticed Blork the orc
  2420 | D:4      | Killed Blork the orc
  2495 | D:4      | Reached XP level 7. HP: 59/67 MP: 7/7
  2593 | D:4      | Found Hiwnauwaets's Weapon Emporium.
  2615 | D:4      | Noticed Menkaure
  2620 | D:4      | Slain by Menkaure

Skill      XL: |  1  2  3  4  5  6 |
---------------+-------------------+-----
Fighting       | 2 3 |  3.3
Unarmed Combat | 3 4 5 |  5.7
Dodging        | 2 3 |  3.5
Spellcasting   | |  1.2
Charms         | |  2.0

Action                   |  1- 3 |  4- 6 |  7- 9 || total
-------------------------+-------+-------+-------++-------
Melee: Unarmed           |    84 |   148 |    16 ||   248
       Punch             |     2 |     1 |       ||     3
 Stab: Sleeping          |       |     1 |       ||     1
  Eat: Chunk             |    15 |    13 |     2 ||    30
Armor: Robe              |    44 |    45 |     8 ||    97
Dodge: Dodged            |    49 |   101 |     4 ||   154
